 Dungeon Crawl Stone Soup version 0.19.0-19-g8c6edcc (webtiles) character file.

587 toast the Chopper (level 7, -2/61 HPs)
             Began as a Minotaur Fighter on Nov 16, 2016.
             Was a Follower of Makhleb.
             Shot with an arrow by a centaur (4 damage)
             ... on level 4 of the Dungeon.
             The game lasted 00:09:53 (2617 turns).

toast the Chopper (Minotaur Fighter)                Turns: 2617, Time: 00:09:54

Health: -2/61      AC:  0    Str: 23    XL:     7   Next: 15%
Magic:  0/7        EV: 13    Int:  5    God:    Makhleb [*.....]
Gold:   31         SH:  0    Dex:  9    Spells: 0 memorised, 6 levels left

rFire  . . .     SeeInvis .     (weapon currently unavailable)
rCold  . . .     Gourm    .     (armour currently unavailable)
rNeg   . . .     Faith    .     (shield currently unavailable)
rPois  .         Spirit   +     (helmet currently unavailable)
rElec  .         Reflect  .     (cloak currently unavailable)
rCorr  .         Harm     .     (gloves currently unavailable)
MR     .....                    (boots currently unavailable)
Stlth  +.........               q - amulet of guardian spirit
                                (ring currently unavailable)
                                (ring currently unavailable)

@: pig-form (expiring), very quick
A: (retaliatory headbutt), (horns 0)
a: Renounce Religion


You were on level 4 of the Dungeon.
You worshipped Makhleb.
Makhleb was aware of your devotion.
You were not hungry.
You were a filthy swine.
You visited 1 branch of the dungeon, and saw 5 of its levels.

You collected 176 gold pieces.
You spent 145 gold pieces at shops.

Inventory:

Hand Weapons
 a - a +0 war axe
 j - a +1 mace of protection (melded)
Armour
 c - a +0 shield (melded)
 e - a +0 pair of boots (melded)
 g - a +2 hat (melded)
 l - a +0 cloak (melded)
 n - a +0 chain mail (melded)
Jewellery
 q - an amulet of guardian spirit (around neck)
Scrolls
 i - a scroll of teleportation
 o - a scroll of remove curse
Potions
 b - a potion of berserk rage {unknown}
 d - a potion of might
 h - a potion of brilliance
 p - a potion of resistance {unknown}
Comestibles
 f - 4 bread rations
 k - a meat ration
 m - a slice of pizza


   Skills:
 + Level 5.4 Fighting
 * Level 5.5 Axes
 + Level 5.2 Armour
 + Level 5.4 Shields
 + Level 2.4 Invocations


You had 6 spell levels left.
You didn't know any spells.

Dungeon Overview and Level Annotations

Branches:
Dungeon (5/15)
 Temple: D:4-7

Altars:
Ashenzari
Elyvilon
Gozag
Makhleb
Qazlal
Sif Muna

Shops:
D:4 *

Annotations:
D:4 Grinder
D:5 Janus's ghost, novice FoFi


Innate Abilities, Weirdness & Mutations

((You reflexively headbutt those who attack you in melee.))
((You have a pair of horns on your head.))


Message History

You resist with significant effort.
You barely miss the centaur. The centaur hits you.
Grinder zaps a wand.
The centaur hits you. The centaur closely misses you.
There are monsters nearby!
You barely miss the centaur. The centaur hits you!
* * * LOW HITPOINT WARNING * * *
You barely miss the centaur.
Your transformation is almost over.
The centaur hits you.
* * * LOW HITPOINT WARNING * * *
Grinder grins, showing sharp teeth.
Grinder gestures at you. Pain shoots through your body!
* * * LOW HITPOINT WARNING * * *
The centaur hits you.
* * * LOW HITPOINT WARNING * * *
The centaur wields an uncursed shortbow.
The centaur shoots an arrow.
The arrow hits you.
You die...

#.#####.##......
#g#####.##.#####
#.#........##
#####.#.###.....#
#.......#######.#
#.###....## #.#
######.###.###.#####.##
#.........(# #........#
#.....<.h..###.#####..#
#...(...(.[..(## #..#
#......c.((((## #..#
#...5......### #..#
#......$.### #...
#........# #.#.#
####.#!#.# #.#.#
#..#.#.# ### #.#
#.##.#.# ##.. #.#


You could see Grinder and a centaur.

Vanquished Creatures
  Eustachio (D:4)
  A sky beast (D:3)
  An ogre (D:4)
  A wyvern zombie (D:4)
  A bullfrog skeleton (D:3)
  An orc wizard (D:4)
  A worker ant (D:4)
  A hound skeleton (D:4)
  3 adders
  4 worms
  3 leopard geckos
  5 orcs
  7 bats
  3 giant cockroaches
  12 goblins
  9 hobgoblins
  6 kobolds
  A quokka (D:2)
  3 ball pythons
  4 frilled lizards
  A leopard gecko skeleton (D:4)
  3 rats
72 creatures vanquished.

Notes
Turn   | Place    | Note
-------+----------+-------------------------------------------
     0 | D:1      | toast the Minotaur Fighter began the quest for the Orb.
     0 | D:1      | Reached XP level 1. HP: 19/19 MP: 0/0
   155 | D:1      | Reached XP level 2. HP: 21/27 MP: 1/1
   334 | D:1      | Found a shattered altar of Ashenzari.
   647 | D:2      | Reached XP level 3. HP: 30/33 MP: 2/2
  1045 | D:2      | Found a faded altar of an unknown god.
  1045 | D:2      | Found an opulent altar of Gozag.
  1057 | D:2      | Found a deep blue altar of Sif Muna.
  1059 | D:2      | Found a faded altar of an unknown god.
  1060 | D:2      | Found a stormy altar of Qazlal.
  1064 | D:2      | Became a worshipper of Makhleb the Destroyer
  1064 | D:2      | Reached * piety under Makhleb
  1231 | D:3      | Reached XP level 4. HP: 38/41 MP: 3/3
  1244 | D:3      | Found a faded altar of an unknown god.
  1280 | D:3      | Noticed a sky beast
  1301 | D:3      | Killed a sky beast
  1301 | D:3      | Reached skill level 1 in Invocations
  1301 | D:3      | Reached XP level 5. HP: 16/47 MP: 4/4
  1613 | D:3      | Found a white marble altar of Elyvilon.
  1726 | D:3      | You fall through a shaft for 2 floors!
  1726 | D:5      | Entered Level 5 of the Dungeon
  1728 | D:5      | Noticed Janus's ghost (novice FoFi)
  1766 | D:4      | Found Ula Iri's Assorted Antiques.
  1775 | D:4      | Noticed Eustachio
  1776 | D:4      | Reached skill level 5 in Shields
  1794 | D:4      | Noticed a centaur
  1809 | D:4      | Noticed Grinder
  1861 | D:4      | Reached XP level 6. HP: 13/55 MP: 6/6
  2323 | D:4      | Reached skill level 5 in Fighting
  2323 | D:4      | Reached skill level 5 in Armour
  2371 | D:4      | Got a translucent helmet
  2429 | D:4      | Killed Eustachio
  2429 | D:4      | Reached skill level 5 in Axes
  2429 | D:4      | Reached XP level 7. HP: 40/61 MP: 7/7
  2446 | D:4      | Bought a tiny garnet amulet for 145 gold pieces
  2616 | D:4      | HP: 2/61 [centaur (2)]
  2617 | D:4      | Shot with an arrow by a centaur

Skill      XL: |  1  2  3  4  5  6 |
---------------+-------------------+-----
Fighting       | 4 5 |  5.4
Armour         | 4 5 |  5.2
Shields        | 4 5 |  5.4
Axes           | 3 4 5 |  5.5
Invocations    | 1 2 |  2.4

Action                   |  1- 3 |  4- 6 |  7- 9 || total
-------------------------+-------+-------+-------++-------
Melee: War axe           |   119 |    53 |       ||   172
       Headbutt          |    17 |    13 |     6 ||    36
       Mace              |       |    64 |    20 ||    84
       Unarmed           |       |     2 |     8 ||    10
  Use: Scroll            |       |     5 |       ||     5
  Eat: Chunk             |     1 |     4 |     1 ||     6
Armor: Scale mail        |    34 |    35 |       ||    69
       Chain mail        |       |   135 |    13 ||   148
Dodge: Dodged            |    29 |    78 |    11 ||   118
Block: Shield            |    73 |   141 |    20 ||   234
